 Dungeon Crawl Stone Soup version 0.29.1-15-g9cfb28693d (webtiles) character file.

Game seed: 8228592791464395707

25081 101zpm the Eclecticist (level 13, -9/76 HPs)
             Began as a Djinni Fire Elementalist on Mar 6, 2023.
             Was an Elder of Makhleb.
             Killed from afar by a gargoyle (17 damage)
             ... with a stone arrow
             ... on level 13 of the Dungeon.
             The game lasted 01:06:09 (19424 turns).

101zpm the Eclecticist (Djinni Fire Elementalist)  Turns: 19424, Time: 01:06:10

Health: -9/76      AC: 11    Str:  7    XL:     13   Next: 47%
Gold:   740        EV: 12    Int: 22    God:    Makhleb [****..] SH:  5 Dex: 14

rFire   + + +      SeeInvis .   m - staff of fire
rCold   x . .      Faith    .   V - orb {light}
rNeg    + . .      Spirit   .   a - +0 troll leather armour
rPois   ∞          Reflect  +   T - +2 helmet
rElec   .          Harm     .   e - +1 cloak
rCorr   .          Rampage  .   U - +1 pair of gloves
Will    ++...                   (boots unavailable)
Stlth   +.........              h - amulet of reflection
HPRegen 1.02/turn               v - ring of willpower
MPRegen 0.00/turn               L - ring of positive energy

@: about to teleport, flying, glowing, studying Axes
A: sickness immunity, fire resistance 2, cold vulnerability 1, float, innate
caster, HP casting, extra vitality 1
a: Renounce Religion, Minor Destruction, Lesser Servant of Makhleb, Major
Destruction


You were on level 13 of the Dungeon.
You worshipped Makhleb.
Makhleb was greatly pleased with you.
You visited 2 branches of the dungeon, and saw 14 of its levels.

You collected 884 gold pieces.
You spent 144 gold pieces at shops.

Inventory:

Hand Weapons
 H - a +3 flail of holy wrath
 J - a +2 whip of electrocution
 N - a +2 vampiric short sword
Missiles
 W - 3 javelins (quivered)
 X - 6 silver javelins
Armour
 a - a +0 troll leather armour (worn)
 e - a +1 cloak (worn)
 g - a +1 chain mail of fire resistance
 K - a +2 robe of cold resistance
 T - a +2 helmet (worn)
 U - a +1 pair of gloves (worn)
 V - an orb of light (worn)
Magical Staves
 m - a staff of fire (weapon)
Jewellery
 h - an amulet of reflection (around neck)
 v - a ring of willpower (left hand)
 L - a ring of positive energy (right hand)
 Q - an amulet of faith
 Y - a +4 ring of evasion
Wands
 k - a wand of digging (6)
 z - a wand of light (10)
 B - a wand of iceblast (25)
 I - a wand of charming (13)
 O - a wand of flame (23)
 S - a wand of polymorph (6)
Scrolls
 b - 4 scrolls of enchant armour
 d - 4 scrolls of identify
 i - 4 scrolls of poison
 j - 4 scrolls of magic mapping
 o - 4 scrolls of enchant weapon
 p - a scroll of fear
 q - 2 scrolls of summoning
 t - a scroll of silence {unknown}
 u - a scroll of acquirement {unknown}
 w - 3 scrolls of vulnerability {unknown}
 y - 2 scrolls of blinking {unknown}
 C - a scroll of noise {unknown}
 D - a scroll of amnesia {unknown}
 E - 2 scrolls of brand weapon {unknown}
 P - 2 scrolls of teleportation
Potions
 c - 3 potions of ambrosia
 f - 9 potions of curing
 l - 3 potions of heal wounds
 n - 2 potions of magic {unknown}
 r - 2 potions of flight {unknown}
 s - 2 potions of mutation {unknown}
 x - a potion of haste {unknown}
 A - 4 potions of might {unknown}
 F - a potion of brilliance {unknown}
 G - 4 potions of cancellation {unknown}
 M - a potion of lignification {unknown}
 R - a potion of attraction {unknown}
 Z - a potion of degeneration {unknown}


   Skills:
 + Level 1.0 Fighting
 + Level 0.7 Armour
 + Level 3.6 Dodging
 + Level 4.5 Stealth
 + Level 1.8 Shields
 + Level 16.2 Spellcasting


You had 12 spell levels left.
You knew the following spells:

 Your Spells              Type           Power      Damage    Failure   Level
a - Foxfire               Conj/Fire      100%       2x1d9     0%          1
b - Scorch                Fire           100%       2d10      0%          2
c - Conjure Flame         Conj/Fire      94%        6-21      1%          3
d - Inner Flame           Hex/Fire       94%        N/A       1%          3
e - Flame Wave            Conj/Fire      94%        2d20      1%          4
f - Apportation           Tloc           100%       N/A       0%          1
g - Poisonous Vapours     Pois/Air       100%       N/A       0%          2
h - Portal Projectile     Hex/Tloc       100%       N/A       1%          3
i - Spider Form           Tmut/Pois      73%        N/A       1%          3
j - Irradiate             Conj/Tmut      36%        3d23      1%          5
k - Freezing Cloud        Conj/Ice/Air   36%        6-21      1%          5
Your spell library was empty.

Dungeon Overview and Level Annotations

Branches:
Dungeon (13/15)            Temple (1/1) D:5            Lair (0/5) D:10
    Orc (0/2) D:11
 Vaults: D:13-14

Altars:
Ashenzari
Cheibriados
Dithmenos
Elyvilon
Fedhas
Gozag
Hepliaklqana
Makhleb
Nemelex Xobeh
Okawaru
Qazlal
Ru
Trog
Uskayaw
Wu Jian
Xom
Yredelemnul
Zin
The Shining One

Shops:
D:10 *

Portals:
Trove: D:11 (give 16 potions of curing)

Annotations:
D:5 2 transporters, Tali's ghost, novice DsBe


Innate Abilities, Weirdness & Mutations

You are immune to sickness and miasma.
You are immune to poison.
Your flesh is very heat resistant. (rF++)
You are vulnerable to cold. (rC-)
You float through the air rather than walking.
You learn spells naturally, not from books.
Your magical power is your life essence.
You have superior vitality. (+4 MHP)


Message History

Confirm with . or Enter, or press ? or * to list all spells.
You can't see any susceptible monsters within range! (Use Z to cast anyway.)
The gargoyle hurls a stone arrow at you.
The stone arrow hits you!!
You are too injured to fight recklessly!
Throw: 4 javelins
Press: ? - help, Q - select action, (/) - cycle Shift-Dir - straight line, f/p - salamander
Aim: a salamander (lightly wounded, inner flame, very poisoned, haloed, 89% to hit)
You throw a javelin.
The javelin pierces through the salamander.
Flame seeps out of the salamander.
The salamander is lightly wounded.
The salamander changes into a manticore!
Casting: Scorch (safe; 0% risk of failure)
Confirm with . or Enter, or press ? or * to list all spells.
Aiming: Inner Flame (safe; 1% risk of failure)
Press: ? - help, Dir - move target, f/p - manticore
Aim: a manticore shaped shifter (flame, lightly wounded, haloed, chance to affect: 95%)
You feel a surge of power!
The manticore is filled with an inner flame.
* * * LOW HITPOINT WARNING * * *
The gargoyle hurls a stone arrow at you.
The stone arrow hits you!!
* * * LOW HITPOINT WARNING * * *
As you read the scroll of fear, it crumbles to dust.
You assume a fearsome visage.
The gargoyle is unaffected.
The manticore looks frightened!
The manticore is engulfed in blazing flames.
Flame seeps out of the manticore.
The gargoyle barely misses you.
Okay, then.
You feel much better. The gargoyle barely misses you.
As you read the scroll of teleportation, it crumbles to dust.
You feel strangely unstable. The gargoyle hits you with a +0 flail!!
* * * LOW HITPOINT WARNING * * *
The gargoyle hurls a stone arrow at you.
The stone arrow hits you!
* * * LOW HITPOINT WARNING * * *
The gargoyle hurls a stone arrow at you.
The stone arrow hits you!
You die...

#..# #..# #..# #..#
########..######..###
.....................
.....................
####................ #
#..........######
....#######................
.(H..$.9..@....)...........
.......######..............
####... #..#######."###
#... ...........<### ...?.
............... ####..
##............ #..
.#########.. #.. ... ..


You could see a gargoyle (inner flame).

Vanquished Creatures
  2 hydras
  A boulder beetle (D:12)
  Erolcha (D:13)
  5 two-headed ogres
  Urug (D:12)
  Nergalle (D:11)
  Pikel (D:7)
  A necromancer (D:9)
  A cyclops (D:11)
  A manticore (D:12)
  Joseph (D:8)
  A gargoyle (D:10)
  7 kobold demonologists
  3 trolls
  A hornet (D:9)
  6 slime creatures (D:12)
  Sigmund (D:5)
  A vampire (D:12)
  A shadow (D:6)
  A wraith (D:10)
  17 yaks
  Grum (D:11)
  3 wyverns
  A basilisk (D:10)
  A steam dragon (D:9)
  13 vampire mosquitoes
  Menkaure (D:7)
  2 acid dragons
  Edmund (D:5)
  4 water moccasins
  Duvessa (D:7)
  3 black bears
  2 orc warriors
  5 sky beasts (D:7)
  3 ogres
  4 ice beasts
  5 centaurs
  2 wolves (D:11)
  A lemure (D:7)
  A phantom (D:6)
  10 kobold brigands
  4 bullfrogs
  3 gnoll sergeants
  2 necrophages (D:6)
  A scorpion (D:10)
  7 wights
  Dowan (D:7)
  16 killer bees
  8 howler monkeys
  4 orc priests
  2 hounds
  4 jellies
  Jessica (D:2)
  2 boggart zombies (D:11)
  Natasha (thrice) (D:3)
  2 iguanas (D:6)
  9 orc wizards
  3 yak simulacra (D:9)
  A polar bear simulacrum (D:9)
  6 wolf simulacra (D:9)
  Robin (D:2)
  11 gnolls
  5 adders
  2 shadow imps
  An ufetubus (D:5)
  4 dart slugs
  4 worms
  32 orcs
  7 ball pythons
  10 endoplasms
  5 giant cockroaches
  27 goblins
  10 hobgoblins
  8 jackals
  3 quokkas
  9 bats
  3 frilled lizards
  35 kobolds
  3 rats
  A river rat simulacrum (D:9)
379 creatures vanquished.

Vanquished Creatures (others)
  2 bushes (D:10)
  732 foxfires
  4 fungi (D:10)
  30 plants
768 creatures vanquished.

Grand Total: 1147 creatures vanquished

Notes
Turn   | Place    | Note
-------+----------+-------------------------------------------
     0 | D:1      | 101zpm the Djinni Fire Elementalist began the quest for the
                  | Orb.
     0 | D:1      | 101zpm set off with the following spells memorised:
                  | Foxfire, Scorch, Conjure Flame, Inner Flame, Flame Wave.
     0 | D:1      | Reached XP level 1. HP: 15/15 MP: 0/0
   133 | D:1      | Found a faded altar of an unknown god.
   361 | D:1      | Reached XP level 2. HP: 8/21 MP: 0/0
   916 | D:1      | Reached skill level 3 in Spellcasting
   986 | D:1      | Reached XP level 3. HP: 20/25 MP: 0/0
   986 | D:1      | Learned a level 1 spell: Apportation
  2126 | D:2      | Reached XP level 4. HP: 24/31 MP: 0/0
  2663 | D:2      | Noticed Jessica
  2672 | D:2      | Killed Jessica
  2673 | D:2      | Reached XP level 5. HP: 24/35 MP: 0/0
  2673 | D:2      | Learned a level 2 spell: Poisonous Vapours
  2848 | D:2      | Reached skill level 4 in Spellcasting
  3246 | D:2      | Noticed Robin
  3251 | D:2      | Killed Robin
  3950 | D:3      | Found a sparkling altar of Nemelex Xobeh.
  4356 | D:4      | Reached XP level 6. HP: 27/40 MP: 0/0
  4831 | D:4      | Found a shimmering altar of Xom.
  5148 | D:4      | Noticed a black bear
  5154 | D:4      | Killed a black bear
  5155 | D:4      | Reached skill level 5 in Spellcasting
  5333 | D:5      | Entered Level 5 of the Dungeon
  5363 | D:5      | Noticed an ogre
  5367 | D:5      | Killed an ogre
  5368 | D:5      | Reached XP level 7. HP: 38/45 MP: 0/0
  5368 | D:5      | Learned a level 3 spell: Portal Projectile
  5511 | D:5      | Found a transporter.
  5517 | D:5      | Noticed Tali's ghost (novice DsBe)
  5547 | D:5      | Found a transporter.
  5554 | D:5      | Noticed a water moccasin
  5558 | D:5      | Killed a water moccasin
  5559 | D:5      | Reached skill level 6 in Spellcasting
  5563 | D:5      | Reached XP level 8. HP: 9/51 MP: 0/0
  5965 | D:5      | Found a staircase to the Ecumenical Temple.
  6053 | D:5      | You are sucked into a shaft and drop 2 floors!
  6068 | D:7      | Reached skill level 7 in Spellcasting
  6503 | D:7      | Noticed Duvessa
  6508 | D:7      | Killed Duvessa
  6508 | D:7      | Noticed Dowan
  6511 | D:7      | Killed Dowan
  6531 | D:7      | Reached skill level 8 in Spellcasting
  6531 | D:7      | Reached XP level 9. HP: 2/56 MP: 0/0
  6531 | D:7      | Learned a level 3 spell: Spider Form
  7106 | D:7      | Noticed Pikel
  7107 | D:7      | Killed Pikel
  7108 | D:7      | Reached skill level 9 in Spellcasting
  7123 | D:7      | Killed Menkaure
  7128 | D:7      | Reached XP level 10. HP: 2/61 MP: 0/0
  7206 | D:7      | Reached skill level 10 in Spellcasting
  7734 | D:6      | Noticed a seven-headed hydra
  7738 | D:6      | Killed a seven-headed hydra
  7752 | D:6      | Reached skill level 11 in Spellcasting
  8241 | D:6      | Found a shadowy altar of Dithmenos.
  8988 | D:5      | Noticed Edmund
  8992 | D:5      | Noticed Sigmund
  8994 | D:5      | Killed Edmund
  9000 | D:5      | Killed Sigmund
  9226 | D:5      | Found a glowing golden altar of the Shining One.
  9371 | Temple   | Entered the Ecumenical Temple
  9431 | Temple   | Became a worshipper of Makhleb the Destroyer
 10306 | D:8      | Reached XP level 11. HP: 41/66 MP: 0/0
 10306 | D:8      | Learned a level 5 spell: Irradiate
 10312 | D:8      | Reached skill level 12 in Spellcasting
 10810 | D:8      | Noticed Joseph
 10819 | D:8      | Killed Joseph
 10830 | D:8      | Reached * piety under Makhleb
 11086 | D:8      | Found an opulent altar of Gozag.
 11891 | D:9      | Found a basalt altar of Yredelemnul.
 12314 | D:10     | Entered Level 10 of the Dungeon
 12756 | D:10     | Reached skill level 13 in Spellcasting
 12826 | D:11     | Reached ** piety under Makhleb
 12956 | D:11     | Noticed a cyclops
 12960 | D:11     | Killed a cyclops
 13049 | D:11     | Noticed Nergalle
 13055 | D:11     | Killed Nergalle
 13119 | D:11     | Noticed Grum
 13126 | D:11     | Killed Grum
 13239 | D:11     | Noticed a two-headed ogre
 13246 | D:11     | Killed a two-headed ogre
 13537 | D:10     | Reached XP level 12. HP: 66/71 MP: 0/0
 13554 | D:10     | Noticed a two-headed ogre
 13702 | D:11     | Reached skill level 1 in Shields
 14084 | D:11     | Found a staircase to the Orcish Mines.
 14136 | D:11     | Reached skill level 14 in Spellcasting
 14181 | D:11     | Reached *** piety under Makhleb
 14367 | D:11     | Reached skill level 1 in Fighting
 14404 | D:11     | Found a basalt altar of Yredelemnul.
 14481 | D:11     | Found a portal to a secret trove of treasure.
 14679 | D:10     | Found a broken altar of Ashenzari.
 14686 | D:10     | Found a blossoming altar of Fedhas.
 14689 | D:10     | Found an iron altar of Okawaru.
 14689 | D:10     | Found a snail-covered altar of Cheibriados.
 14697 | D:10     | Found a bloodstained altar of Trog.
 14698 | D:10     | Noticed a two-headed ogre
 14705 | D:10     | Killed a two-headed ogre
 15089 | D:10     | Noticed a soul eater
 15409 | D:10     | Killed a two-headed ogre
 15469 | D:10     | Found a staircase to the Lair.
 15565 | D:10     | Found Xecruron's General Store.
 15703 | D:10     | Bought a potion of curing for 48 gold pieces
 15703 | D:10     | Bought a scroll of poison for 64 gold pieces
 15703 | D:10     | Bought a scroll of identify for 32 gold pieces
 15883 | D:9      | Reached skill level 15 in Spellcasting
 16152 | D:9      | Reached **** piety under Makhleb
 16930 | D:3      | Found a white marble altar of Elyvilon.
 17280 | D:3      | Noticed Natasha
 17283 | D:3      | Killed Natasha
 17360 | D:3      | Found an ornate altar of the Wu Jian Council.
 17700 | D:3      | Noticed Natasha
 17705 | D:3      | Killed Natasha
 17931 | D:3      | Noticed Natasha
 17933 | D:3      | Killed Natasha
 18226 | D:12     | Noticed a boulder beetle
 18234 | D:12     | Killed a boulder beetle
 18235 | D:12     | Reached XP level 13. HP: 65/76 MP: 0/0
 18235 | D:12     | Learned a level 5 spell: Freezing Cloud
 18311 | D:12     | Noticed a seven-headed hydra
 18314 | D:12     | Killed a seven-headed hydra
 18519 | D:12     | Noticed Urug
 18527 | D:12     | Killed Urug
 18880 | D:12     | Reached skill level 16 in Spellcasting
 19317 | D:13     | Noticed Erolcha
 19322 | D:13     | Killed Erolcha
 19419 | D:13     | HP: 3/76 [gargoyle/stone arrow (19)]
 19424 | D:13     | Killed from afar by a gargoyle

Illustrated notes

Levels and vault maps discovered:
D:1:      heliophobic_arrival_dark_side_of_the_moon, layout_basic,
          shapermc_ecumenical_altar_notcrosses
D:2:      layout_basic, st_stairs_9, amethyst_killhole,
          minmay_tree_intersection, guppyfry_early_orc_mine, uniq_robin,
          uniq_jessica
D:3:      layout_basic, nicolae_overflow_hidden_temple,
          pdpol_wu_jian_five_deadly_venoms, elyvilon_altar_5, uniq_natasha
D:4:      layout_basic, lemuel_crystal_altar, lemuel_tele_altar
D:5:      layout_rooms, tso_altar, minmay_temple_entry_slanted,
          gammafunk_ghost_smash, sigmund_edmund_badplayer, uniq_edmund
D:6:      layout_cave_pods, nicolae_dithmenos_the_darkroom,
          nicolae_vehumet_radiance, chequers_decorated_corner,
          minmay_manual_mail
D:7:      layout_rooms, enter_bailey_5, minmay_holes, minivault_24,
          minmay_fractal_squares_diagonal_5, uniq_duvessa, uniq_pikel,
          uniq_menkaure
D:8:      layout_basic, old_standard_altar, chequers_serial_rivers_micro_a,
          uniq_joseph
D:9:      layout_small_grid, mainiacjoe_overflow_tiny_flanked, hex_medium,
          minivault_25, ldierk_geyser, chequers_avenue, eino_house_with_fridge
D:10:     layout_basic, nicolae_overflow_hallway_of_the_gods,
          minmay_lair_entry_grove, serial_shops, shop_fountains
D:11:     layout_roguey, orc_0_dummy, enter_trove_6,
          lemuel_zombie_altar_yredelemnul, uniq_nergalle, uniq_grum
D:12:     layout_small_grid, nicolae_concentric_dashed_squares_mild,
          led_sif_book, uniq_urug
D:13:     layout_long_grid, uniq_erolcha
Temple:   nicolae_temple_little_seven

Skill      XL: |  1  2  3  4  5  6  7  8  9 10 11 12 13 |
---------------+----------------------------------------+-----
Spellcasting   | 3 4 5 6 8 9 11 13 15 16 | 16.2
Stealth        | 2 3 4 |  4.5
Dodging        | 3 |  3.6
Shields        | 1 |  1.8
Fighting       | 1 |  1.0
Armour         | |  0.7

Action                   |  1- 3 |  4- 6 |  7- 9 | 10-12 | 13-15 || total
-------------------------+-------+-------+-------+-------+-------++-------
Throw: Javelin           |       |       |       |       |     3 ||     3
 Cast: Foxfire           |   109 |    89 |    38 |   175 |    26 ||   437
       Scorch            |     3 |    38 |    14 |   119 |    18 ||   192
       Poisonous Vapours |       |    29 |    17 |    89 |     8 ||   143
       Inner Flame       |       |     3 |    35 |   172 |    27 ||   237
       Portal Projectile |       |       |     1 |       |       ||     1
       Irradiate         |       |       |       |     3 |     1 ||     4
       Flame Wave        |       |       |       |     1 |       ||     1
  Use: Scroll            |       |       |       |    15 |     2 ||    17
       Potion            |       |       |       |       |     1 ||     1
Armor: Robe              |     1 |     1 |       |    20 |     1 ||    23
       Chain mail        |       |     4 |       |       |       ||     4
       Troll leather arm |       |       |       |       |     1 ||     1
Dodge: Dodged            |    11 |     7 |     4 |    50 |    12 ||    84
Block: Other             |       |     2 |       |    19 |     1 ||    22
       Reflection        |       |     1 |       |     6 |       ||     7
       Orb               |       |       |       |       |     2 ||     2
